 Dungeon Crawl Stone Soup version 0.24.0-37-gcf1ca852f1 (webtiles) character file.

Game seed: 8912469659048846003, levelgen mode: deterministic

112 Descartes the Ducker (level 4, 0/22 HPs)
             Began as a Felid Monk on Dec 5, 2019.
             Slain by a centaur skeleton (7 damage)
             ... on level 4 of the Dungeon.
             The game lasted 00:06:44 (3724 turns).

Descartes the Ducker (Felid Monk)                   Turns: 3724, Time: 00:06:45

Health: 0/22       AC:  1    Str:  8    XL:     4   Next: 63%
Magic:  5/5        EV: 21    Int: 11    God:
Gold:   163        SH:  0    Dex: 18    Spells: 3/3 levels left
                                        Lives:  0   Deaths: 1

rFire    . . .     SeeInvis +     - Unarmed
rCold    . . .     Gourm    .   (shield unavailable)
rNeg     . . .     Faith    .   (armour unavailable)
rPois    .         Spirit   .   (helmet unavailable)
rElec    .         Reflect  .   (cloak unavailable)
rCorr    .         Harm     .   (gloves unavailable)
MR       .....                  (boots unavailable)
Stlth    +++.......             (no amulet)
HPRegen  0.07/turn              (no ring)
MPRegen  0.09/turn              (no ring)

@: quick
A: very small, no armour, no weapons or thrown items, stealth, claws 1, fangs 3,
see invisible, carnivore, speed 1, shaggy fur 1, slow metabolism 1, sharp paws
a: no special abilities


You were on level 4 of the Dungeon.
You were completely stuffed.

You visited 2 branches of the dungeon, and saw 5 of its levels.

You collected 163 gold pieces.

Inventory:

Missiles
 g - 14 arrows
 j - 29 stones
Jewellery
 f - an uncursed ring of protection from cold {unknown}
Scrolls
 b - a scroll of magic mapping {unknown}
 c - 3 scrolls of teleportation {unknown}
 d - 3 scrolls of remove curse {unknown}
 i - 2 scrolls of identify {unknown}
Potions
 e - 2 potions of flight {unknown}
 h - a potion of resistance {unknown}
 l - a potion of ambrosia {unknown}
Comestibles
 a - 6 rations
 k - a chunk of flesh


   Skills:
 + Level 3.7 Fighting
 + Level 5.1 Dodging
 + Level 4.3 Stealth
 * Level 4.4 Unarmed Combat


You had 3 spell levels left.
You didn't know any spells.
Your spell library was empty.

Dungeon Overview and Level Annotations

Branches:
Dungeon (4/15)             Temple (1/1) D:4

Altars:
Ashenzari
Cheibriados
Elyvilon
Fedhas
Gozag
Hepliaklqana
Kikubaaqudgha
Makhleb
Nemelex Xobeh
Okawaru
Qazlal
Trog
Uskayaw
Vehumet
Wu Jian
Xom
Yredelemnul
Zin
The Shining One


Innate Abilities, Weirdness & Mutations

You cannot wear armour.
You are incapable of wielding weapons or throwing items.
Your paws allow you to move quietly. (Stealth)
You have sharp claws.
You have razor-sharp teeth.
You have supernaturally acute eyesight. (SInv)
You are carnivorous and can eat meat at any time.
You cover ground quickly.
You are covered in fur. (AC +1)
You have a slow metabolism.
Your sharp claws are effective at attacking unaware monsters.


Message History

The centaur skeleton is lightly damaged.
The centaur skeleton closely misses you.
You scratch the centaur skeleton.
The centaur skeleton is moderately damaged.
The centaur skeleton hits you!
You scratch the centaur skeleton.
The centaur skeleton is moderately damaged.
The centaur skeleton hits you.
The centaur skeleton closely misses you.
You are too injured to fight recklessly!
You scratch the centaur skeleton.
The centaur skeleton is moderately damaged.
The centaur skeleton hits you.
You claw the centaur skeleton!
The centaur skeleton is severely damaged.
The centaur skeleton closely misses you.
You scratch the centaur skeleton.
The centaur skeleton is almost destroyed.
The centaur skeleton hits you!
You die...

## #.# # #.## .# .
#.##. #.#. #######.#
.###... #......#
#.#..# #Z@.#####.#.#
#.....#.........## #
#.........####[..###
.. ........###
##.....###..
##.####..
#........... # ##.
##..###.......
#....## #.......
#.....##.......
#.........##...


You could see a centaur skeleton.

Vanquished Creatures
  An orc wizard (D:3)
  6 adders
  A worm (D:3)
  A dart slug (D:2)
  4 leopard geckos
  5 orcs (D:3)
  6 bats
  3 giant cockroaches
  6 goblins
  9 hobgoblins
  13 jackals
  3 quokkas
  A ball python (D:1)
  5 frilled lizards
  7 kobolds
  6 rats
77 creatures vanquished.

Notes
Turn   | Place    | Note
-------+----------+-------------------------------------------
     0 | D:1      | Descartes the Felid Monk began the quest for the Orb.
     0 | D:1      | Reached XP level 1. HP: 10/10 MP: 2/2
   272 | D:1      | Reached XP level 2. HP: 14/14 MP: 3/3
   936 | D:1      | Reached XP level 3. HP: 17/17 MP: 4/4
  1607 | D:2      | Reached XP level 4. HP: 21/21 MP: 5/5
  1714 | D:2      | Found a basalt altar of Yredelemnul.
  1715 | D:2      | Found a shimmering altar of Xom.
  1883 | D:2      | Found a glowing silver altar of Zin.
  1883 | D:2      | Found an opulent altar of Gozag.
  3229 | D:3      | Killed from afar by an orc wizard
  3230 | D:3      | Reached XP level 3. HP: -7/17 MP: 4/4
  3261 | D:3      | Reached skill level 5 in Dodging
  3261 | D:3      | Reached XP level 4. HP: 22/22 MP: 5/5
  3553 | D:4      | Found a staircase to the Ecumenical Temple.
  3567 | Temple   | Entered the Ecumenical Temple
  3724 | D:4      | Slain by a centaur skeleton

Levels and vault maps discovered:
D:1:      lightli_molten_gateway, layout_basic, serial_corexii_hall,
          corexii_hall_statues_x, corexii_hall_statues_i, corexii_hall_statues_t
D:2:      layout_basic, grunt_temple_overflow_gold_and_silver,
          gammafunk_temple_overflow_statue
D:3:      layout_basic
D:4:      layout_layer_cave, minmay_temple_entry_tees, lexackson_kobold_supper
Temple:   regret_index_temple_waves

Skill      XL: |  1  2  3  4 |
---------------+-------------+-----
Stealth        | 3 4 |  4.3
Unarmed Combat | 4 |  4.4
Dodging        | 5 |  5.1
Fighting       | |  3.7

Action                   |  1- 3 |  4- 6 || total
-------------------------+-------+-------++-------
Melee: Unarmed           |   109 |   128 ||   237
       Bite              |     3 |     6 ||     9
       Punch             |     1 |       ||     1
  Use: Potion            |       |     2 ||     2
 Stab: Sleeping          |    14 |     8 ||    22
       Distracted        |       |     1 ||     1
  Eat: Chunk             |     9 |     9 ||    18
Armor: Skin              |    12 |     3 ||    15
Dodge: Dodged            |    98 |    82 ||   180
